 Dungeon Crawl Stone Soup version bcrawl-1.23 (webtiles) character file.

Game seed: 6004884093136890041

5190 pasperui the Grappler (level 10, -9/82 HPs)
             Began as a Gnoll Reaver on May 19, 2020.
             Was an Elder of Vehumet.
             Mangled by a storm dragon simulacrum (23 damage)
             ... on level 9 of the Dungeon on May 20, 2020.
             The game lasted 00:44:14 (8608 turns).

pasperui the Grappler (Gnoll Reaver)                Turns: 8608, Time: 00:44:15

Health: -9/82      AC:  8    Str: 19    XL:     10   Next: 60%
Magic:  0/21       EV: 17    Int: 19    God:    Vehumet [****..]
Gold:   756        SH: 10    Dex: 15    Spells: 19/23 levels left

rFire    . . .     SeeInvis +   V - +5 whip "Tes Dave" {flame, rPois Str+3 Int+3}
rCold    . . .     Gourm    .   u - +0 buckler
rNeg     . . .     Faith    .   a - +0 steam dragon scales
rPois    +         Spirit   +   K - +0 helmet
rElec    +         Reflect  +   L - scarf {Spirit}
rCorr    .         Harm     .   s - +0 pair of gloves {archery}
MR       .....                  (no boots)
Stlth    +++.......             Z - +4 amulet of reflection
HPRegen  0.23/turn              X - ring of see invisible
MPRegen  0.17/turn              G - ring of insulation

@: no status effects
A: distributed training, fangs 1, strong nose
a: Renounce Religion


You were on level 9 of the Dungeon.
You worshipped Vehumet.
Vehumet was greatly pleased with you.
You were near starving.

You visited 1 branch of the dungeon, and saw 9 of its levels.

You collected 756 gold pieces.

Inventory:

Hand Weapons
 x - a +1 dagger of venom
 C - a +0 shortbow
 F - a +0 scimitar
 I - a +0 quarterstaff of protection
 P - a +0 fustibalus
 V - the +5 whip "Tes Dave" (weapon) {flame, rPois Str+3 Int+3}
   (You found it on level 8 of the Dungeon)

   It has been specially enchanted to burn those struck by it, causing extra
   injury to most foes and up to half again as much damage against particularly
   susceptible opponents.
   It affects your strength (+3).
   It affects your intelligence (+3).
   It protects you from poison.
Missiles
 f - 491 bolts
 j - 1551 stones (quivered)
 m - 325 poisoned needles
 n - 33 curare-tipped needles
 o - 660 arrows
 R - 2 throwing nets {!f}
Armour
 a - +0 steam dragon scales (worn)
 s - a +0 pair of gloves of archery (worn)
 u - a +0 buckler (worn)
 K - a +0 helmet (worn)
 L - a scarf of spirit shield (worn)
Magical Staves
 S - an uncursed staff of earth
Jewellery
 b - an uncursed ring of protection from magic
 y - an uncursed ring of fire
 G - a ring of insulation (right hand)
 O - an uncursed ring of flight
 T - an uncursed ring of protection from magic
 X - a ring of see invisible (left hand)
 Z - a +4 amulet of reflection (around neck)
Wands
 J - a wand of clouds (6)
 N - a wand of polymorph (12)
 Q - a wand of enslavement (6)
 Y - a wand of flame (15)
Scrolls
 c - 5 scrolls of immolation
 d - a scroll of fear {unknown}
 i - 10 scrolls of identify
 k - 5 scrolls of remove curse
 l - 2 scrolls of fog {unknown}
 q - 4 scrolls of teleportation {unknown}
 r - a scroll of enchant armour {unknown}
 v - 3 scrolls of magic mapping {unknown}
 w - a scroll of noise {unknown}
 B - 2 scrolls of amnesia {unknown}
 D - a scroll of blinking {unknown}
 M - a scroll of summoning {unknown}
Potions
 g - 3 potions of curing {unknown}
 h - 2 potions of ambrosia {unknown}
 p - a potion of lignification
 t - a potion of invisibility {unknown}
 z - a potion of flight {unknown}
 A - a potion of mutation {unknown}
 E - 2 potions of heal wounds {unknown}
 H - a potion of might {unknown}
 U - a potion of berserk rage {unknown}
 W - a potion of agility {unknown}
Comestibles
 e - 25 rations {!d}


   Skills:
 + Level 8.5 Fighting
 + Level 5.3 Short Blades
 + Level 5.3 Long Blades
 + Level 5.3 Axes
 + Level 5.3 Maces & Flails
 + Level 5.3 Polearms
 + Level 5.3 Staves
 + Level 5.3 Slings
 + Level 5.3 Bows
 + Level 5.3 Crossbows
 + Level 5.3 Throwing
 + Level 5.3 Armour
 + Level 8.5 Dodging
 + Level 5.3 Stealth
 + Level 5.3 Shields
 + Level 8.5 Unarmed Combat
 + Level 7.4 Spellcasting
 + Level 4.4 Conjurations
 + Level 4.4 Hexes
 + Level 4.4 Charms
 + Level 4.4 Summonings
 + Level 4.4 Necromancy
 + Level 4.4 Translocations
 + Level 4.4 Transmutations
 + Level 4.4 Fire Magic
 + Level 4.4 Ice Magic
 + Level 4.4 Air Magic
 + Level 4.4 Earth Magic
 + Level 4.4 Poison Magic
 + Level 5.9 Invocations
 + Level 5.3 Evocations


You had 19 spell levels left.
You knew the following spells:

 Your Spells              Type           Power        Failure   Level  Hunger
a - Sting                 Conj/Pois      ###.         1%          1    None
b - Stone Arrow           Conj/Erth      ###...       2%          3    #......

Your spell library contained the following spells:

 Spells                   Type           Power        Failure   Level  Hunger
 Iskenderun's Mystic Bla  Conj           ###.....     2%          3    #......
 Dazzling Spray           Conj/Hex       ###...       2%          3    #......
 Corona                   Hex            ###....      3%          1    None
 Ensorcelled Hibernation  Hex/Ice        ###...       4%          2    None
 Confuse                  Hex            ###.....     9%          3    #......
 Tukima's Dance           Hex            ###.....     9%          3    #......
 Iskenderun's Battlesphe  Conj/Chrm      ###.....     22%         5    #####..


Dungeon Overview and Level Annotations

Branches:
Dungeon (9/12)             Temple (0/1) D:4            Lair (0/6) D:8
    Orc: D:8-11

Altars:
Ashenzari
Cheibriados
Elyvilon
Fedhas
Gozag
Hepliaklqana
Okawaru
Sif Muna
Uskayaw
Wu Jian
Zin
The Shining One
Beogh

Shops:
D:6 %

Annotations:
D:3 3 runed translucent doors, dscm's ghost, amateur DsFi
D:8 1 runed translucent door, Galewind's ghost, novice MiFi


Innate Abilities, Weirdness & Mutations

Your experience applies equally to all skills.
You have very sharp teeth.
Your uncanny sense of smell can sniff out nearby items.


Message History

Unknown command.
You barely miss the storm dragon simulacrum.
You hit the storm dragon simulacrum but do no damage.
The storm dragon simulacrum bites you.
The storm dragon simulacrum freezes you!!
The storm dragon simulacrum claws you.
The storm dragon simulacrum freezes you!!
The storm dragon simulacrum tramples you.
The storm dragon simulacrum freezes you!!!
* * * LOW HITPOINT WARNING * * *
You hit the storm dragon simulacrum but do no damage.
You block the storm dragon simulacrum's attack. x2
The storm dragon simulacrum closely misses you.
Unknown command.
You see here a hand axe.
There is a stone staircase leading down here.
The storm dragon simulacrum bites you!
* * * LOW HITPOINT WARNING * * *
The storm dragon simulacrum freezes you!!
You die...

##.........###...##
#.......#
#.....)...###....###
##......#
#.........##....#..#
#.....##
#......###.....#...# #.>...#
.....### ##...##...# ##...##
#..### ##.##....## #####
#### #.##.....# ##.......#
#..Z@..## ####### ##....##
###.....## #...##
##........## ###### #..##
##..........#
#....####...####...........#
#......##....##.............
#............##.............
#.............#.............
#...........................


You could see a storm dragon simulacrum.

Vanquished Creatures
  A slime creature (D:7)
  Grinder (D:4)
  A hippogriff (D:7)
  Sigmund (D:2)
  A basilisk (D:8)
  6 yaks
  A wyvern (D:8)
  2 crocodiles (D:8)
  A swamp drake (D:8)
  A phantom (D:5)
  2 ice beasts
  A sky beast (D:4)
  5 ogres
  2 necrophages
  2 centaurs
  5 bullfrogs
  2 big kobolds (D:7)
  2 scorpions (D:8)
  5 killer bees (D:9)
  An electric eel (D:7)
  2 howler monkeys (D:8)
  2 crimson imps
  A centaur zombie (D:8)
  An orc priest (D:8)
  2 hounds
  A centaur skeleton (D:4)
  A gnoll shaman (D:7)
  An iguana (D:9)
  Jessica (D:2)
  13 orc wizards
  3 worker ants
  A howler monkey zombie (D:5)
  A worker ant zombie (D:9)
  8 gnolls
  10 adders
  2 shadow imps (D:5)
  An ooze (D:1)
  2 adder zombies (D:7)
  5 worms
  6 dart slugs
  8 leopard geckos
  27 orcs
  4 giant cockroaches
  6 goblins (D:1)
  7 hobgoblins
  7 jackals (D:2)
  4 quokkas
  4 bats
  3 frilled lizards (D:1)
  A jackal skeleton (D:8)
  19 kobolds
  3 rats
200 creatures vanquished.

Vanquished Creatures (others)
  A wyvern (D:8)
  A worker ant (D:8)
  A fungus (D:5)
  5 plants
8 creatures vanquished.

Grand Total: 208 creatures vanquished

Notes
Turn   | Place    | Note
-------+----------+-------------------------------------------
     0 | D:1      | pasperui the Gnoll Reaver began the quest for the Orb.
     0 | D:1      | Reached XP level 1. HP: 23/23 MP: 6/6
   111 | D:1      | Reached XP level 2. HP: 26/29 MP: 7/7
   331 | D:1      | Reached XP level 3. HP: 34/35 MP: 9/9
   421 | D:1      | Reached * piety under Vehumet
   421 | D:1      | Offered knowledge of Sting by Vehumet.
   421 | D:1      | Reached skill level 5 in Spellcasting
   424 | D:1      | Learned a level 1 spell: Sting
   661 | D:1      | Reached skill level 1 in Invocations
   996 | D:2      | Reached skill level 1 in Short Blades
   996 | D:2      | Reached skill level 1 in Long Blades
   996 | D:2      | Reached skill level 1 in Axes
   996 | D:2      | Reached skill level 1 in Maces & Flails
   996 | D:2      | Reached skill level 1 in Polearms
   996 | D:2      | Reached skill level 1 in Staves
   996 | D:2      | Reached skill level 1 in Slings
   996 | D:2      | Reached skill level 1 in Bows
   996 | D:2      | Reached skill level 1 in Crossbows
   996 | D:2      | Reached skill level 1 in Throwing
   996 | D:2      | Reached skill level 1 in Armour
   996 | D:2      | Reached skill level 1 in Stealth
   996 | D:2      | Reached skill level 1 in Shields
   996 | D:2      | Reached skill level 1 in Evocations
  1035 | D:2      | Noticed Jessica
  1041 | D:2      | Killed Jessica
  1041 | D:2      | Reached XP level 4. HP: 41/41 MP: 2/11
  1201 | D:2      | Reached skill level 1 in Conjurations
  1201 | D:2      | Reached skill level 1 in Hexes
  1201 | D:2      | Reached skill level 1 in Charms
  1201 | D:2      | Reached skill level 1 in Summonings
  1201 | D:2      | Reached skill level 1 in Necromancy
  1201 | D:2      | Reached skill level 1 in Translocations
  1201 | D:2      | Reached skill level 1 in Transmutations
  1201 | D:2      | Reached skill level 1 in Fire Magic
  1201 | D:2      | Reached skill level 1 in Ice Magic
  1201 | D:2      | Reached skill level 1 in Air Magic
  1201 | D:2      | Reached skill level 1 in Earth Magic
  1201 | D:2      | Reached skill level 1 in Poison Magic
  1265 | D:2      | Found a white marble altar of Elyvilon.
  1265 | D:2      | Found a glowing silver altar of Zin.
  1265 | D:2      | Found a glowing golden altar of the Shining One.
  1419 | D:2      | Offered knowledge of Searing Ray by Vehumet.
  1549 | D:2      | Noticed Sigmund
  1561 | D:2      | Killed Sigmund
  1561 | D:2      | Reached XP level 5. HP: 47/47 MP: 4/12
  1561 | D:2      | Reached XP level 6. HP: 53/53 MP: 4/13
  1572 | D:2      | Reached ** piety under Vehumet
  2609 | D:3      | Reached XP level 7. HP: 59/59 MP: 13/15
  2624 | D:3      | Found a runed translucent gate.
  2624 | D:3      | Found a runed translucent gate.
  2624 | D:3      | Noticed dscm's ghost (amateur DsFi)
  2625 | D:3      | Found a runed translucent gate.
  2626 | D:3      | Identified the +9 dagger "Ninneozy" {pierce, +Fly}
  2626 | D:3      | Identified the +5 scale mail of Focus {rF+ Str+2}
  2671 | D:3      | Found a roughly hewn altar of Beogh.
  2805 | D:4      | Found an opulent altar of Gozag.
  2820 | D:4      | Offered knowledge of Stone Arrow by Vehumet.
  2825 | D:4      | Learned a level 3 spell: Stone Arrow
  2981 | D:4      | Reached *** piety under Vehumet
  2998 | D:4      | Found an iron altar of Okawaru.
  2998 | D:4      | Found a hide-covered altar of Uskayaw.
  3018 | D:4      | Found a staircase to the Ecumenical Temple.
  3174 | D:4      | Noticed Grinder
  3187 | D:4      | Paralysed by Grinder for 4 turns
  3194 | D:4      | Paralysed by Grinder for 4 turns
  3209 | D:4      | Paralysed by Grinder for 3 turns
  3215 | D:4      | Killed Grinder
  3215 | D:4      | Reached XP level 8. HP: 13/67 MP: 1/16
  3782 | D:5      | Entered Level 5 of the Dungeon
  3864 | D:5      | Found a blossoming altar of Fedhas.
  4229 | D:5      | Found a shattered altar of Ashenzari.
  4233 | D:5      | Saw a vision of the Swamp and the Spider Nest.
  4233 | D:5      | Noticed a redback
  4233 | D:5      | Noticed a wolf spider
  4233 | D:5      | Noticed an alligator
  4234 | D:5      | Noticed an alligator
  4236 | D:5      | Noticed an alligator
  4236 | D:5      | Noticed an alligator
  4240 | D:5      | Noticed a redback
  4450 | D:5      | Noticed a yak
  4487 | D:5      | Killed a yak
  4811 | D:6      | Reached XP level 9. HP: 54/72 MP: 15/18
  4839 | D:6      | Found Nowoy's Food Emporium.
  4987 | D:6      | Noticed a red ugly thing
  5147 | D:7      | Offered knowledge of Yara's Violent Unravelling by Vehumet.
  5271 | D:7      | Upgraded the game from bcrawl-1.22-26-g3963c97c8d to
                  | bcrawl-1.23
  5869 | D:7      | Found a hazy altar of Hepliaklqana.
  6175 | D:7      | Reached skill level 5 in Invocations
  6441 | D:8      | Reached **** piety under Vehumet
  6760 | D:8      | Reached XP level 10. HP: 58/80 MP: 17/20
  6794 | D:8      | Found a runed translucent door.
  6795 | D:8      | Identified the +2 trident "Acvoz" {holy, Int+4}
  6798 | D:8      | Identified the ring of the Duke {*Slow rF+ MR++ Int+3
                  | Dex+2}
  6929 | D:8      | Offered knowledge of Iskenderun's Mystic Blast by Vehumet.
  7029 | D:8      | Reached skill level 5 in Short Blades
  7029 | D:8      | Reached skill level 5 in Long Blades
  7029 | D:8      | Reached skill level 5 in Axes
  7029 | D:8      | Reached skill level 5 in Maces & Flails
  7029 | D:8      | Reached skill level 5 in Polearms
  7029 | D:8      | Reached skill level 5 in Staves
  7029 | D:8      | Reached skill level 5 in Slings
  7029 | D:8      | Reached skill level 5 in Bows
  7029 | D:8      | Reached skill level 5 in Crossbows
  7029 | D:8      | Reached skill level 5 in Throwing
  7029 | D:8      | Reached skill level 5 in Armour
  7029 | D:8      | Reached skill level 5 in Stealth
  7029 | D:8      | Reached skill level 5 in Shields
  7029 | D:8      | Reached skill level 5 in Evocations
  7053 | D:8      | Found a staircase to the Lair.
  7292 | D:8      | Noticed Galewind's ghost (novice MiFi)
  7404 | D:8      | Got a dazzling whip
  7409 | D:8      | Identified the +5 whip "Tes Dave" {flame, rPois Str+3
                  | Int+3} (You found it on level 8 of the Dungeon)
  7451 | D:8      | Found a snail-covered altar of Cheibriados.
  7454 | D:8      | Found an ornate altar of the Wu Jian Council.
  7457 | D:8      | Found a shimmering blue altar of Sif Muna.
  8608 | D:9      | Mangled by a storm dragon simulacrum

Skill      XL: |  1  2  3  4  5  6  7  8  9 10 |
---------------+-------------------------------+-----
Spellcasting   | 5 6 7 |  7.4
Invocations    | 1 2 3 4 5 |  5.9
Short Blades   | 1 2 3 4 5 |  5.3
Long Blades    | 1 2 3 4 5 |  5.3
Axes           | 1 2 3 4 5 |  5.3
Maces & Flails | 1 2 3 4 5 |  5.3
Polearms       | 1 2 3 4 5 |  5.3
Staves         | 1 2 3 4 5 |  5.3
Slings         | 1 2 3 4 5 |  5.3
Bows           | 1 2 3 4 5 |  5.3
Crossbows      | 1 2 3 4 5 |  5.3
Throwing       | 1 2 3 4 5 |  5.3
Armour         | 1 2 3 4 5 |  5.3
Stealth        | 1 2 3 4 5 |  5.3
Shields        | 1 2 3 4 5 |  5.3
Evocations     | 1 2 3 4 5 |  5.3
Conjurations   | 1 2 3 4 |  4.4
Hexes          | 1 2 3 4 |  4.4
Charms         | 1 2 3 4 |  4.4
Summonings     | 1 2 3 4 |  4.4
Necromancy     | 1 2 3 4 |  4.4
Translocations | 1 2 3 4 |  4.4
Transmutations | 1 2 3 4 |  4.4
Fire Magic     | 1 2 3 4 |  4.4
Ice Magic      | 1 2 3 4 |  4.4
Air Magic      | 1 2 3 4 |  4.4
Earth Magic    | 1 2 3 4 |  4.4
Poison Magic   | 1 2 3 4 |  4.4
Fighting       | 7 8 |  8.5
Dodging        | 7 8 |  8.5
Unarmed Combat | 7 8 |  8.5

Action                   |  1- 3 |  4- 6 |  7- 9 | 10-12 || total
-------------------------+-------+-------+-------+-------++-------
Melee: Unarmed           |    79 |    45 |    78 |       ||   202
       Bite              |     5 |     3 |    19 |    15 ||    42
       Punch             |     2 |     1 |     2 |     4 ||     9
       Quarterstaff      |       |       |   100 |    83 ||   183
       Scimitar          |       |       |    35 |       ||    35
       Whip              |       |       |       |    72 ||    72
 Fire: Shortbow          |       |       |     8 |     4 ||    12
       Fustibalus        |       |       |       |     3 ||     3
Throw: Stone             |       |       |     1 |       ||     1
 Cast: Sting             |    30 |    99 |   203 |     6 ||   338
       Stone Arrow       |       |       |    28 |    14 ||    42
  Use: Scroll            |       |     2 |       |     1 ||     3
       Potion            |       |       |     3 |       ||     3
 Stab: Sleeping          |     2 |       |     1 |     2 ||     5
  Eat: Chunk             |       |     5 |    11 |     5 ||    21
       Ration            |       |       |     1 |       ||     1
Armor: Steam dragon scal |     9 |    16 |    69 |    27 ||   121
Dodge: Dodged            |    57 |    65 |   256 |   108 ||   486
Block: Other             |       |       |     3 |       ||     3
       Buckler           |       |       |       |     2 ||     2
